 Dungeon Crawl Stone Soup version 0.22.1-1-ga44c0e5 (webtiles) character file.

95983 topirishpotato the Warrior (level 15, -1/132 HPs)
             Began as a Minotaur Wanderer on Sept 20, 2018.
             Was the Champion of Okawaru.
             Killed by divine providence
             ... invoked by an orc priest
              (15 damage)
             ... on level 2 of the Orcish Mines.
             The game lasted 01:01:07 (24930 turns).

topirishpotato the Warrior (Minotaur Wanderer)     Turns: 24930, Time: 01:01:07

Health: -1/132     AC: 18    Str: 28    XL:     15   Next: 67%
Magic:  20/20      EV: 18    Int: 17    God:    Okawaru [******]
Gold:   2313       SH:  0    Dex: 15    Spells: 14/14 levels left

rFire    . . .     SeeInvis +   A - +5 eveningstar
rCold    + + .     Gourm    +   (no shield)
rNeg     . . .     Faith    .   x - +3 chain mail {rC+}
rPois    .         Spirit   .   J - +2 hat {Int+3}
rElec    .         Reflect  .   P - +2 cloak of the Thief {+Fog Slay-2 SInv Stlth+}
rCorr    .         Harm     .   v - +2 pair of gloves {Str+3}
MR       +....                  I - +1 pair of boots
Stlth    ..........             h - amulet "Xuipyjo" {Gourm Int+8}
HPRegen  0.32/turn              N - +3 ring of evasion
MPRegen  0.17/turn              C - +5 ring of slaying

@: corroded, hasted, very quick
A: retaliatory headbutt, horns 2, iridescent scales 1, thin skeletal structure
1, cold resistance 1, frail 1, strong 1
a: Heroism, Finesse, Renounce Religion, Evoke Fog


You were on level 2 of the Orcish Mines.
You worshipped Okawaru.
Okawaru was exalted by your worship.
You were full.

You visited 4 branches of the dungeon, and saw 24 of its levels.
You also visited: Sewer.

You collected 2498 gold pieces.
You spent 185 gold pieces at shops.

Inventory:

Hand Weapons
 A - a +5 eveningstar (weapon)
 L - a +1 dire flail of holy wrath
Armour
 v - a +2 pair of gloves of strength (worn)
 x - a +3 chain mail of cold resistance (worn)
 I - a +1 pair of boots (worn)
 J - a +2 hat of intelligence (worn)
 P - the +2 cloak of the Thief (worn) {+Fog Slay-2 SInv Stlth+}
   (You found it on level 6 of the Lair of Beasts)

   It affects your accuracy and damage with ranged weapons and melee attacks
   (-2).
   It lets you see invisible.
   It makes you more stealthy.
 Q - the +4 skin of Zhor {rC+++}
   (You found it on level 6 of the Lair of Beasts)

   It renders you almost immune to cold.
Jewellery
 b - an uncursed ring of positive energy
 h - the amulet "Xuipyjo" (around neck) {Gourm Int+8}
   (You acquired it on level 15 of the Dungeon)

   [amulet of the gourmand]

   It allows you to eat raw meat even when not hungry.
   It affects your intelligence (+8).
 y - an uncursed ring of protection from fire
 C - a +5 ring of slaying (right hand)
 E - an uncursed ring of see invisible
 N - a +3 ring of evasion (left hand)
Wands
 d - a wand of clouds (10)
 j - a wand of acid (6)
 k - a wand of digging (15)
 n - a wand of flame (34)
 p - a wand of polymorph (23)
 r - a wand of iceblast (16)
 D - a wand of random effects (41)
 M - a wand of paralysis (12)
Scrolls
 a - 3 scrolls of fog
 e - 12 scrolls of remove curse
 g - 15 scrolls of teleportation
 l - 3 scrolls of fear
 o - 3 scrolls of blinking
 q - 4 scrolls of amnesia
 t - 2 scrolls of magic mapping
 B - 3 scrolls of identify
 F - a scroll of silence
 H - a scroll of holy word
Potions
 c - 5 potions of lignification
 i - 3 potions of cancellation
 m - 2 potions of brilliance
 u - 4 potions of magic
 w - 10 potions of curing
 G - a potion of might
Miscellaneous
 s - a box of beasts
Comestibles
 f - 46 rations


   Skills:
 + Level 17.2 Fighting
 + Level 15.9 Maces & Flails
   Level 1.1 Bows
 + Level 15.1 Armour
 + Level 10.5 Dodging
 - Level 1.0 Stealth
   Level 2.2 Shields
 + Level 1.1 Unarmed Combat
 - Level 7.8 Invocations
 + Level 8.1 Evocations


You had 14 spell levels left.
You didn't know any spells.
Your spell library contained the following spells:

 Spells                   Type           Power        Failure   Level  Hunger
 Corona                   Hex            #......      63%         1    ##.....
 Magic Dart               Conj           #...         63%         1    ##.....
 Shock                    Conj/Air       #...         63%         1    ##.....
 Blink                    Tloc           N/A          77%         2    ###....
 Call Imp                 Summ           #.......     77%         2    ###....
 Ensorcelled Hibernation  Hex/Ice        #.....       77%         2    ###....
 Shroud of Golubria       Chrm/Tloc      #.........   77%         2    ###....
 Slow                     Hex            #.......     77%         2    ###....
 Swiftness                Chrm/Air       #.......     77%         2    ###....
 Confuse                  Hex            #.......     94%         3    ####...
 Conjure Flame            Conj/Fire      #.......     94%         3    ####...
 Dazzling Spray           Conj/Hex       #.....       94%         3    ####...
 Gell's Gravitas          Tloc           #.........   94%         3    ####...
 Lesser Beckoning         Tloc           #.........   94%         3    ####...
 Mephitic Cloud           Conj/Pois/Air  #.......     94%         3    ####...
 Static Discharge         Conj/Air       #.......     94%         3    ####...
 Teleport Other           Tloc           #.......     94%         3    ####...
 Tukima's Dance           Hex            #.......     94%         3    ####...
 Airstrike                Air            #.........   100%        4    #####..
 Passage of Golubria      Tloc           N/A          100%        4    #####..
 Lightning Bolt           Conj/Air       #.........   100%        5    ######.


Dungeon Overview and Level Annotations

Branches:
Dungeon (15/15)            Temple (1/1) D:5            Lair (6/6) D:8
  Swamp (0/4) Lair:4       Spider (0/4) Lair:3        Slime (0/5) Lair:6
    Orc (2/2) D:11         Vaults (0/5) D:14         Depths (0/5) D:15
    Elf: Orc:2

Altars:
Ashenzari
Cheibriados
Dithmenos
Elyvilon
Fedhas
Gozag
Hepliaklqana
Kikubaaqudgha
Makhleb
Nemelex Xobeh
Okawaru
Qazlal
Ru
Sif Muna
Trog
Uskayaw
Vehumet
Wu Jian
Xom
Yredelemnul
Zin
The Shining One
Jiyva

Shops:
D:6 !   D:14 *   Orc:2 }%!==

Portals:
Trove: D:11 (give 8 potions of agility)

Annotations:
Lair:1 exclusion: 4 oklob plants


Innate Abilities, Weirdness & Mutations

You reflexively headbutt those who attack you in melee.
You have a pair of horns on your head.
You are partially covered in iridescent scales. (AC +2)
You have a somewhat thin skeletal structure. (Dex +2, Stealth)
Your flesh is cold resistant. (rC+)
You are frail. (-10% HP)
Your muscles are strong. (Str +2)


Message History

You barely miss the rust devil. You headbutt the rust devil.
The rust devil is severely wounded.
The orc misses you. You furiously retaliate!
You headbutt the orc.
You kill the orc!
The rust devil misses you. You furiously retaliate!
You headbutt the rust devil, but do no damage.
The orc priest calls down the wrath of Beogh upon you.
Beogh smites you!
* * * LOW HITPOINT WARNING * * *
You hear a shout!
Unknown command.
You feel yourself speed up. The orc barely misses you. The rust devil hits you.
The rust devil corrodes you!
Items here: )))) [[[ The orc priest calls down the wrath of Beogh upon you.
Beogh smites you!
* * * LOW HITPOINT WARNING * * *
The orc priest mumbles some strange prayers to Beogh against you.
Beogh smites you!
You die...

#...#...#.......#
.
#.............##
##.......(...##
##......).#.###
#.......)..##
#..##...#### ..
##..## # ##..##
##@.## ##..##
##.4## ##o)##
##4o# ##oo# ..oo#
o#oo..# ....#...#


You could see an orange demon, a rust devil, 2 orc priests and 5 orcs.

Vanquished Creatures
  Rupert (Lair:6)
  Gastronok (D:11)
  An ettin (Orc:2)
  The ghost of limozeen581 the Blocker, a journeyman GnFi of Ashenzari (Lair:5)
  A fire dragon (D:15)
  2 ogre magi (D:15)
  Josephine (D:14)
  Fannar (Lair:3)
  8 vault guards (D:14)
  3 centaur warriors
  6 hydras
  Erica (D:9)
  An alligator (Lair:6)
  15 two-headed ogres
  Urug (Lair:6)
  A sun demon (Orc:2)
  A fire crab (D:15)
  4 unseen horrors
  An obsidian statue (D:15)
  4 orc knights
  2 deep elf magi
  2 orc sorcerers
  4 cyclopes
  A wolf spider (D:14)
  15 ugly things
  6 black mambas
  2 manticores
  3 naga magi (D:15)
  3 gargoyles
  23 spiny frogs
  An efreet (D:13)
  10 komodo dragons
  An ice devil (Orc:2)
  A guardian mummy (D:11)
  A rime drake (Lair:1)
  3 polar bears
  7 trolls
  A hornet (shapeshifter) (D:14)
  4 tyrant leeches (Lair:6)
  A hornet (Lair:5)
  11 blink frogs
  A snapping turtle (D:12)
  A slime creature (D:15)
  5 hippogriffs
  12 dream sheep (Lair:6)
  Sigmund (D:6)
  3 spriggans
  4 wraiths (D:14)
  A redback (D:10)
  A wyvern (Lair:6)
  32 yaks
  A vampire (D:14)
  A basilisk (D:13)
  Eustachio (D:6)
  A hungry ghost (D:12)
  Grum (D:8)
  13 vampire mosquitoes
  A warg (D:15)
  2 acid dragons
  Edmund (D:4)
  6 porcupines
  11 water moccasins
  Duvessa (D:7)
  27 orc warriors
  5 ice beasts
  A necrophage (D:10)
  A phantom (D:9)
  2 sky beasts
  An eye of draining (D:12)
  9 ogres
  27 wolves
  A boggart (Lair:5)
  10 centaurs
  13 crocodiles
  2 big kobolds
  32 bullfrogs
  2 gnoll sergeants
  A wyvern skeleton (D:11)
  3 scorpions
  Dowan (D:7)
  16 killer bees
  6 wights
  5 electric eels
  A howler monkey (D:5)
  4 crimson imps
  6 centaur zombies
  2 bullfrog zombies
  7 hounds
  A jelly (D:5)
  2 centaur skeletons
  Crazy Yiuf (D:4)
  9 orc priests
  21 orc wizards
  Terence (D:2)
  3 iguanas
  9 worker ants
  2 hound zombies
  2 hound skeletons
  3 worker ant zombies
  17 gnolls
  18 adders
  9 river rats
  4 shadow imps
  An ooze (D:1)
  An adder zombie (D:9)
  An adder skeleton (D:9)
  2 worms
  4 dart slugs
  4 leopard geckos
  87 orcs
  10 ball pythons (Sewer)
  10 bats
  5 giant cockroaches
  7 hobgoblins
  9 jackals
  4 quokkas
  4 frilled lizards
  A giant cockroach zombie (D:5)
  9 goblins
  10 kobolds
  A quokka skeleton (D:5)
  29 rats
  3 plants (Lair:1)
747 creatures vanquished.

Vanquished Creatures (others)
  A bullfrog zombie (D:13)
  8 fungi
  46 plants
55 creatures vanquished.

Grand Total: 802 creatures vanquished

Notes
Turn   | Place    | Note
-------+----------+-------------------------------------------
     0 | D:1      | topirishpotato the Minotaur Wanderer began the quest for
                  | the Orb.
     0 | D:1      | topirishpotato set off with: a scroll of fear, a potion of
                  | berserk rage, a potion of lignification, a +0 ring mail, a
                  | +0 club, a ration
     0 | D:1      | Reached XP level 1. HP: 19/19 MP: 0/0
    66 | D:1      | Reached skill level 4 in Fighting
    74 | D:1      | Reached XP level 2. HP: 22/27 MP: 1/1
   407 | D:1      | Reached XP level 3. HP: 32/34 MP: 2/2
   789 | D:2      | Reached skill level 5 in Fighting
   789 | D:2      | Reached skill level 1 in Maces & Flails
   789 | D:2      | Reached XP level 4. HP: 33/42 MP: 3/3
   970 | D:2      | Noticed Terence
   977 | D:2      | Killed Terence
  1023 | D:2      | Found a basalt altar of Yredelemnul.
  1079 | D:2      | Found a white marble altar of Elyvilon.
  1402 | D:3      | Reached XP level 5. HP: 30/48 MP: 4/4
  1695 | D:3      | Found a shadowy altar of Dithmenos.
  1839 | D:3      | Found a burning altar of Makhleb.
  1839 | D:3      | Found a sparkling altar of Nemelex Xobeh.
  1839 | D:3      | Found a hazy altar of Hepliaklqana.
  1903 | D:3      | Found a burning altar of Makhleb.
  2052 | D:3      | Found a snail-covered altar of Cheibriados.
  2052 | D:3      | Found a shattered altar of Ashenzari.
  2385 | D:3      | Found a shimmering altar of Xom.
  2931 | D:4      | Found a glowing drain.
  2935 | Sewer    | Entered a sewer
  3505 | Sewer    | Reached XP level 6. HP: 44/56 MP: 5/5
  4172 | Sewer    | Reached XP level 7. HP: 62/62 MP: 6/6
  4386 | D:4      | Noticed Edmund
  4397 | D:4      | Killed Edmund
  4755 | D:4      | Found a runed door.
  4763 | D:4      | Noticed Crazy Yiuf
  4768 | D:4      | Killed Crazy Yiuf
  4768 | D:4      | Reached skill level 5 in Armour
  4887 | D:4      | Reached skill level 6 in Fighting
  4921 | D:5      | Entered Level 5 of the Dungeon
  4989 | D:5      | Reached skill level 5 in Maces & Flails
  5147 | D:5      | Found a staircase to the Ecumenical Temple.
  5224 | Temple   | Entered the Ecumenical Temple
  5315 | Temple   | Became a worshipper of Warmaster Okawaru
  5633 | D:5      | Reached XP level 8. HP: 67/71 MP: 7/7
  5977 | D:6      | Reached * piety under Okawaru
  6226 | D:6      | Found Qefaevit's Distillery.
  6245 | D:6      | Bought a potion of mutation for 80 gold pieces
  6245 | D:6      | Gained mutation: Armour fits poorly on your strangely
                  | shaped body. [potion of mutation]
  6245 | D:6      | Gained mutation: You possess an exceptional clarity of
                  | mind. [potion of mutation]
  6245 | D:6      | Gained mutation: Your muscles are strong. (Str +2) [potion
                  | of mutation]
  6245 | D:6      | Gained mutation: You have a somewhat thin skeletal
                  | structure. (Dex +2, Stealth) [potion of mutation]
  6302 | D:6      | Noticed Eustachio
  6311 | D:6      | Killed Eustachio
  6469 | D:6      | Reached skill level 5 in Dodging
  6475 | D:6      | Found a deep blue altar of Sif Muna.
  6623 | D:6      | Noticed Sigmund
  6626 | D:6      | Killed Sigmund
  6626 | D:6      | Reached skill level 7 in Fighting
  6695 | D:6      | Reached skill level 1 in Evocations
  6824 | D:7      | Reached XP level 9. HP: 76/79 MP: 8/8
  6845 | D:7      | Reached ** piety under Okawaru
  6935 | D:7      | Noticed Duvessa
  6935 | D:7      | Noticed Dowan
  6939 | D:7      | Killed Dowan
  6944 | D:7      | Killed Duvessa
  7670 | D:8      | Reached skill level 10 in Maces & Flails
  7753 | D:8      | Reached skill level 8 in Fighting
  7870 | D:8      | Found a blossoming altar of Fedhas.
  7887 | D:8      | Reached *** piety under Okawaru
  8164 | D:8      | Noticed Grum
  8167 | D:8      | Killed Grum
  8230 | D:8      | Reached XP level 10. HP: 79/90 MP: 9/9
  8267 | D:8      | Found a glowing golden altar of the Shining One.
  8392 | D:8      | Found a staircase to the Lair.
  8734 | D:9      | Found a hide-covered altar of Uskayaw.
  8740 | D:9      | Reached **** piety under Okawaru
  8752 | D:9      | Reached skill level 9 in Fighting
  9169 | D:9      | Noticed Erica
  9176 | D:9      | Killed Erica
  9814 | D:9      | Lost mutation: Your muscles are strong. (Str +2) [potion of
                  | mutation]
  9814 | D:9      | Lost mutation: Armour fits poorly on your strangely shaped
                  | body. [potion of mutation]
  9814 | D:9      | Lost mutation: You possess an exceptional clarity of mind.
                  | [potion of mutation]
  9814 | D:9      | Gained mutation: Your system is resistant to poisons.
                  | (rPois) [potion of mutation]
  9814 | D:9      | Gained mutation: Armour fits poorly on your strangely
                  | shaped body. [potion of mutation]
  9814 | D:9      | Gained mutation: You are partially covered in iridescent
                  | scales. (AC +2) [potion of mutation]
  9898 | D:10     | Entered Level 10 of the Dungeon
  9939 | D:10     | Noticed a two-headed ogre
  9945 | D:10     | Killed a two-headed ogre
  9945 | D:10     | Reached ***** piety under Okawaru
 10078 | D:10     | Found a basalt altar of Yredelemnul.
 10129 | D:10     | Got a smoking falchion {elec}
 10142 | D:10     | Reached skill level 10 in Fighting
 10242 | D:10     | Identified the +6 falchion of Indomitability {elec, +Fly
                  | rC+ SInv} (You took it off a kobold on level 10 of the
                  | Dungeon)
 10267 | D:10     | Found a white marble altar of Elyvilon.
 10267 | D:10     | Found a sacrificial altar of Ru.
 10278 | D:10     | Reached XP level 11. HP: 99/99 MP: 11/11
 10297 | D:10     | Noticed an orc knight
 10308 | D:10     | Killed an orc knight
 11418 | D:11     | Received a gift from Okawaru
 11474 | D:11     | Lost mutation: Your system is resistant to poisons. (rPois)
                  | [potion of mutation]
 11474 | D:11     | Lost mutation: Armour fits poorly on your strangely shaped
                  | body. [potion of mutation]
 11474 | D:11     | Gained mutation: Your flesh is cold resistant. (rC+)
                  | [potion of mutation]
 11474 | D:11     | Gained mutation: You are frail. (-10% HP) [potion of
                  | mutation]
 11474 | D:11     | Gained mutation: Your muscles are strong. (Str +2) [potion
                  | of mutation]
 11916 | D:11     | Noticed an unseen horror
 11919 | D:11     | Killed an unseen horror
 11970 | D:11     | Noticed Gastronok
 11978 | D:11     | Killed Gastronok
 11978 | D:11     | Reached ****** piety under Okawaru
 11978 | D:11     | Received a gift from Okawaru
 11979 | D:11     | Found a portal to a secret trove of treasure.
 11986 | D:11     | Noticed a soul eater
 11988 | D:11     | Got a pair of smoking gloves {god gift}
 12012 | D:11     | Identified the +0 pair of gloves of Twilight {rF+ Int+2}
                  | (Okawaru gifted it to you on level 11 of the Dungeon)
 12129 | D:11     | Found a staircase to the Orcish Mines.
 12179 | D:11     | Noticed an unseen horror
 12188 | D:11     | Killed an unseen horror
 12188 | D:11     | Reached skill level 11 in Fighting
 12188 | D:11     | Reached skill level 1 in Invocations
 12600 | D:12     | Noticed a green ugly thing
 12604 | D:12     | Killed a green ugly thing
 13064 | D:12     | You fall through a shaft!
 13072 | D:13     | Reached XP level 12. HP: 69/99 MP: 13/13
 13245 | D:13     | Noticed a centaur warrior
 13254 | D:13     | Killed a centaur warrior
 13941 | D:14     | Noticed a vault guard
 13941 | D:14     | Noticed a vault guard
 13942 | D:14     | Found a gate to the Vaults.
 13942 | D:14     | Noticed a vault guard
 13942 | D:14     | Noticed a vault guard
 13942 | D:14     | Noticed a vault guard
 13943 | D:14     | Noticed a vault guard
 13944 | D:14     | Noticed a vault guard
 13946 | D:14     | Noticed a vault guard
 13947 | D:14     | Killed a vault guard
 13947 | D:14     | Reached skill level 5 in Evocations
 13955 | D:14     | Killed a vault guard
 13955 | D:14     | Reached skill level 12 in Fighting
 13958 | D:14     | Killed a vault guard
 13958 | D:14     | Reached skill level 10 in Armour
 13963 | D:14     | Killed a vault guard
 13963 | D:14     | Received a gift from Okawaru
 13966 | D:14     | Killed a vault guard
 13974 | D:14     | Killed a vault guard
 13974 | D:14     | Reached skill level 5 in Invocations
 13981 | D:14     | Killed a vault guard
 13985 | D:14     | Killed a vault guard
 14222 | D:14     | Found Fopre's General Store.
 14232 | D:14     | Bought a scroll of silence for 105 gold pieces
 14274 | D:14     | Received a gift from Okawaru
 14277 | D:14     | Noticed a centaur warrior
 14285 | D:14     | Reached skill level 13 in Fighting
 14285 | D:14     | Reached XP level 13. HP: 62/109 MP: 16/16
 14869 | D:14     | Noticed Josephine
 14876 | D:14     | Killed Josephine
 15166 | D:15     | Entered Level 15 of the Dungeon
 15267 | D:15     | Received a gift from Okawaru
 15273 | D:15     | Reached skill level 14 in Fighting
 16096 | D:15     | Reached XP level 14. HP: 97/119 MP: 10/18
 16162 | D:15     | Found a hide-covered altar of Uskayaw.
 16948 | D:15     | Received a gift from Okawaru
 16958 | D:15     | Got a warped lajatang {god gift}
 16965 | D:15     | Reached skill level 15 in Fighting
 17090 | D:15     | Found a staircase to the Depths.
 17092 | D:15     | Identified the +8 lajatang "Ypinur" {protect, rElec Str+3
                  | Stlth+} (Okawaru gifted it to you on level 15 of the
                  | Dungeon)
 17137 | D:15     | Identified a scroll of acquirement
 17138 | D:15     | Got a vibrating lead amulet
 17140 | D:15     | Identified the amulet "Xuipyjo" {Gourm Int+8} (You acquired
                  | it on level 15 of the Dungeon)
 17294 | Lair:1   | Entered Level 1 of the Lair of Beasts
 18120 | Lair:1   | Reached skill level 10 in Dodging
 19211 | Lair:3   | Received a gift from Okawaru
 19301 | Lair:3   | Found a hole to the Spider Nest.
 19304 | Lair:3   | Noticed Fannar
 19315 | Lair:3   | Killed Fannar
 19609 | Lair:4   | Found a staircase to the Swamp.
 19719 | Lair:4   | Received a gift from Okawaru
 20309 | Lair:5   | Found a runed door.
 20312 | Lair:5   | Noticed limozeen581's ghost (journeyman GnFi)
 21379 | Lair:5   | Killed limozeen581's ghost
 21620 | Lair:5   | Got an ancient spear {speed}
 21629 | Lair:5   | Identified the +7 spear "Hodun" {speed, Fragile rN+++
                  | Int+5} (You took it off a spriggan on level 5 of the Lair
                  | of Beasts)
 21678 | Lair:6   | Entered Level 6 of the Lair of Beasts
 21688 | Lair:6   | Reached skill level 16 in Fighting
 21704 | Lair:6   | Received a gift from Okawaru
 21972 | Lair:6   | Reached XP level 15. HP: 82/129 MP: 20/20
 22271 | Lair:6   | Reached skill level 15 in Maces & Flails
 22336 | Lair:6   | Found a staircase to the Slime Pits.
 22337 | Lair:6   | Found a viscous altar of Jiyva.
 22544 | Lair:6   | Received a gift from Okawaru
 22775 | Lair:6   | Noticed Rupert
 22784 | Lair:6   | Noticed Urug
 22788 | Lair:6   | Killed Rupert
 22801 | Lair:6   | Killed Urug
 23511 | Lair:6   | Found the +2 cloak of the Thief {+Fog Slay-2 SInv Stlth+}
 23512 | Lair:6   | Found the +4 skin of Zhor {rC+++}
 23514 | Lair:6   | Reached skill level 17 in Fighting
 23961 | Orc:1    | Entered Level 1 of the Orcish Mines
 23974 | Orc:1    | Reached skill level 15 in Armour
 24362 | Orc:1    | You fall through a shaft!
 24362 | Orc:2    | Entered Level 2 of the Orcish Mines
 24402 | Orc:2    | Found Yninn's Gadget Shop.
 24571 | Orc:2    | Found Meiddumpuf's Jewellery Boutique.
 24579 | Orc:2    | Found Hanoyloo's Jewellery Shop.
 24878 | Orc:2    | Found Noozar's Food Emporium.
 24883 | Orc:2    | Found Emimejal's Distillery.
 24930 | Orc:2    | Killed from afar by an orc priest

Skill      XL: |  1  2  3  4  5  6  7  8  9 10 11 12 13 14 15 |
---------------+----------------------------------------------+-----
Fighting       | 4 5 6 7 8 10 11 13 14 16 17 | 17.2
Armour         | 2 3 4 5 6 7 8 11 12 14 15 | 15.1
Maces & Flails | 1 3 5 8 11 13 14 15 | 15.9
Dodging        | 3 4 5 6 8 9 10 | 10.5
Shields        | 2 |  2.2
Evocations     | 1 2 3 5 7 8 |  8.1
Invocations    | 3 5 7 |  7.8
Bows           | |  1.1
Stealth        | |  1.0
Unarmed Combat | |  1.1

Action                   |  1- 3 |  4- 6 |  7- 9 | 10-12 | 13-15 || total
-------------------------+-------+-------+-------+-------+-------++-------
Melee: Club              |    70 |       |       |       |       ||    70
       Headbutt          |    18 |    25 |    42 |    90 |   161 ||   336
       Mace              |       |   209 |    11 |       |       ||   220
       Flail             |       |     6 |       |       |       ||     6
       Punch             |       |     1 |       |       |     1 ||     2
       Dire flail        |       |       |   237 |   407 |   598 ||  1242
       Eveningstar       |       |       |       |       |   161 ||   161
Invok: Heroism           |       |       |       |       |     1 ||     1
       Finesse           |       |       |       |       |     1 ||     1
Evoke: Wand              |       |     7 |    11 |     7 |    11 ||    36
  Use: Scroll            |     2 |     6 |    19 |     3 |    16 ||    46
       Potion            |     1 |     2 |     1 |    10 |    12 ||    26
 Stab: Sleeping          |     1 |     1 |     8 |     3 |       ||    13
       Distracted        |       |       |     1 |       |       ||     1
  Eat: Chunk             |       |     8 |    13 |     9 |    26 ||    56
       Ration            |       |     1 |       |     3 |     4 ||     8
Armor: Ring mail         |    21 |    81 |    72 |    41 |       ||   215
       Chain mail        |       |       |       |    89 |   295 ||   384
Dodge: Dodged            |    54 |   174 |   157 |   210 |   672 ||  1267
Block: Buckler           |       |    45 |       |       |       ||    45
